 Dungeon Crawl Stone Soup version 0.28-a0-793-g31680bbd8b (webtiles) character file.

Game seed: 12676190356849729804

202 jasper the Stinger (level 5, -3/35 HPs)
             Began as a Demonspawn Venom Mage on Nov 5, 2021.
             Splashed by a jelly's acid (8 damage)
             ... on level 4 of the Dungeon.
             The game lasted 00:05:48 (3601 turns).

jasper the Stinger (Demonspawn Venom Mage)          Turns: 3601, Time: 00:05:49

Health: -3/35      AC:  2    Str:  8    XL:     5   Next: 50%
Magic:  2/8        EV: 14    Int: 18    God:
Gold:   1065       SH:  0    Dex: 19    Spells: 0/8 levels left

rFire   . . .      SeeInvis .   b - +1 whip
rCold   . . .      Faith    .   (no shield)
rNeg    . . .      Spirit   .   a - +0 robe
rPois   .          Reflect  .   (helmet restricted)
rElec   .          Harm     .   (no cloak)
rCorr   .          Rampage  .   (no gloves)
Will    .....                   (no boots)
Stlth   ++........              f - amulet of regeneration
HPRegen 1.11/turn               n - +6 ring of dexterity
MPRegen 0.22/turn               (no ring)

@: very slightly contaminated
A: antennae 1, repulsion field 1, magic regeneration
a: no special abilities


You were on level 4 of the Dungeon.
You visited 1 branch of the dungeon, and saw 5 of its levels.

You collected 1065 gold pieces.

Inventory:

Hand Weapons
 b - a +1 whip (weapon)
 e - a +1 dagger of draining
Armour
 a - a +0 robe (worn)
Jewellery
 f - an amulet of regeneration (around neck)
 n - a +6 ring of dexterity (left hand)
Wands
 j - a wand of digging (2)
Scrolls
 d - 4 scrolls of identify
 h - 2 scrolls of blinking
 i - a scroll of fear
 l - a scroll of vulnerability
Potions
 c - 2 potions of degeneration {unknown}
 g - a potion of ambrosia
 k - a potion of might {unknown}
 m - 2 potions of heal wounds {unknown}


   Skills:
 - Level 1.7 Dodging
 - Level 1.7 Stealth
 - Level 2.0 Spellcasting
 - Level 0.8 Transmutations
 + Level 6.3 Poison Magic


You couldn't memorise any spells.
You knew the following spells:

 Your Spells              Type           Power      Damage    Failure   Level
a - Sting                 Tmut/Pois      56%        1d5       4%          1
b - Mephitic Cloud        Conj/Pois/Air  9%         N/A       22%         3
c - Olgreb's Toxic Radia  Pois           24%        N/A       14%         4

Your spell library contained the following spells:

 Spells                   Type           Power      Damage    Failure   Level
 Poisonous Vapours        Pois/Air       26%        N/A       8%          2
 Summon Guardian Golem    Hex/Summ       1%         N/A       47%         3
 Animate Dead             Necr           0%         N/A       87%         4
 Haunt                    Necr/Summ      0%         N/A       100%        7
 Orb of Destruction       Conj           0%         N/A       100%        7
 Spellforged Servitor     Conj/Summ      0%         N/A       100%        7
 Infestation              Necr           0%         N/A       100%        8


Dungeon Overview and Level Annotations

Branches:
Dungeon (5/15)
 Temple: D:4-7

Altars:
Dithmenos
Kikubaaqudgha
Ru
Trog
Uskayaw
Wu Jian

Annotations:
D:2 1 runed translucent door, Crazy Yiuf
D:4 Grinder


Innate Abilities, Weirdness & Mutations

You have a pair of small antennae on your head.
You are surrounded by a mild repulsion field. (EV +2)
You regenerate magic rapidly.


Message History

Aiming: Sting (safe; 4% risk of failure)
Press: ? - help, Q - select action Shift-Dir - straight line, f/p - jelly
Aim: a jelly (lightly wounded, poisoned, 100% to hit)
The sting hits the jelly.
The jelly looks even sicker.
The jelly is lightly wounded.
The jelly closely misses you.
You now have 5/8 mp.
Aiming: Sting (safe; 4% risk of failure)
Press: ? - help, Q - select action Shift-Dir - straight line, f/p - jelly
Aim: a jelly (moderately wounded, very poisoned, 100% to hit)
The sting hits the jelly.
The jelly partially resists.
The jelly looks even sicker.
The jelly is heavily wounded.
The jelly hits you.
You are splashed with acid!
You take 12 damage, and have 23/35 hp.
MASSIVE DAMAGE!!
Aiming: Sting (safe; 4% risk of failure)
Press: ? - help, Q - select action Shift-Dir - straight line, f/p - jelly
Aim: a jelly (heavily wounded, very poisoned, 100% to hit)
You miscast Sting.
You are very lightly contaminated with residual magic.
Nothing appears to happen.
The jelly hits you.
You are splashed with acid!
You take 10 damage, and have 13/35 hp.
MASSIVE DAMAGE!!
You now have 4/8 mp.
Aiming: Sting (safe; 4% risk of failure)
Press: ? - help, Q - select action Shift-Dir - straight line, f/p - jelly
Aim: a jelly (heavily wounded, very poisoned, 100% to hit)
The sting hits the jelly.
The jelly partially resists.
The jelly is severely wounded.
The jelly hits you.
You are splashed with acid!
* * * LOW HITPOINT WARNING * * *
You take 6 damage, and have 7/35 hp.
You now have 3/8 mp.
Aiming: Sting (safe; 4% risk of failure)
Press: ? - help, Q - select action Shift-Dir - straight line, f/p - jelly
Aim: a jelly (severely wounded, very poisoned, 100% to hit)
The sting hits the jelly.
The jelly partially resists.
The jelly is severely wounded.
The jelly hits you.
* * * LOW HITPOINT WARNING * * *
You are splashed with acid!
You die...

###*######.# *.5......* **,*
..,,,......####........* *,,*
,,,,,,,................****,,*
#########.###.##.......,,,,,,*
..................#***,****,**
##.######.###.###.####,* *,*
#.## #.##...#*....#.# *,*
##..#####.##...##J.....# *,*
................@......# *,*
##..#.###.###.###.#....#***,*
.#).#.# #.......,...,...,,,,*
..))#.# #####.###.#...,#***,*
.#..#.####**#.# *.#....# *,* *
....#..$..,,..#
*.#,...#***,*****
#.........,,..#
*.#,,...,,,,,,,,,
#...#.....,,..#
*.#,,...*********
#.........,,,,* *,*,,,,,* *


You could see a jelly (very poisoned).

Vanquished Creatures
  Terence (D:2)
  2 orc wizards (D:4)
  A hound skeleton (D:4)
  2 gnolls (D:5)
  3 adders (D:3)
  4 dart slugs
  4 orcs (D:4)
  5 bats (D:1)
  3 endoplasms
  3 giant cockroaches
  6 goblins
  5 hobgoblins
  5 kobolds
  3 quokkas
  3 ball pythons
  4 frilled lizards
  7 rats
61 creatures vanquished.

Vanquished Creatures (others)
  2 plants (D:2)
2 creatures vanquished.

Grand Total: 63 creatures vanquished

Notes
Turn   | Place    | Note
-------+----------+-------------------------------------------
     0 | D:1      | jasper the Demonspawn Venom Mage began the quest for the
                  | Orb.
     0 | D:1      | Reached XP level 1. HP: 13/13 MP: 3/3
   250 | D:1      | Gained mutation: You regenerate magic rapidly. [demonic
                  | ancestry]
   250 | D:1      | Reached XP level 2. HP: 19/19 MP: 0/5
   720 | D:1      | Reached skill level 4 in Poison Magic
  1372 | D:2      | Noticed Terence
  1387 | D:2      | Killed Terence
  1388 | D:2      | Gained mutation: You have a pair of small antennae on your
                  | head. [demonic ancestry]
  1388 | D:2      | Reached XP level 3. HP: 23/24 MP: 1/6
  1448 | D:2      | Learned a level 3 spell: Mephitic Cloud
  1764 | D:2      | Found a runed translucent door.
  1765 | D:2      | Noticed Crazy Yiuf
  2183 | D:3      | Reached skill level 5 in Poison Magic
  2183 | D:3      | Reached XP level 4. HP: 29/30 MP: 2/7
  2204 | D:3      | You fall into a shaft and drop 2 floors!
  2204 | D:5      | Entered Level 5 of the Dungeon
  2223 | D:5      | Noticed a scorpion
  2279 | D:4      | Noticed Grinder
  2290 | D:4      | Identified a scroll of acquirement
  2290 | D:4      | Acquired 913 gold pieces
  2290 | D:4      | Paralysed by Grinder for 2 turns
  2314 | D:4      | Found an ancient bone altar of Kikubaaqudgha.
  3113 | D:3      | Found a bloodstained altar of Trog.
  3113 | D:3      | Found a sacrificial altar of Ru.
  3120 | D:3      | Found a hide-covered altar of Uskayaw.
  3122 | D:3      | Found an ornate altar of the Wu Jian Council.
  3124 | D:3      | Found a faded altar of an unknown god.
  3257 | D:3      | Found a faded altar of an unknown god.
  3371 | D:4      | Gained mutation: You are surrounded by a mild repulsion
                  | field. (EV +2) [demonic ancestry]
  3371 | D:4      | Reached XP level 5. HP: 35/35 MP: 8/8
  3376 | D:4      | Learned a level 4 spell: Olgreb's Toxic Radiance
  3437 | D:4      | Reached skill level 6 in Poison Magic
  3514 | D:4      | Found a shadowy altar of Dithmenos.
  3601 | D:4      | Splashed by a jelly's acid

Illustrated notes

Levels and vault maps discovered:
D:1:      eino_arrival_water_cross, layout_basic, grunt_decor_mini_mirrors
D:2:      layout_rooms, serial_forest, infiniplex_forest_lined_2,
          infiniplex_forest_straight_4, infiniplex_forest_lined_room_3,
          infiniplex_forest_clump_small, infiniplex_forest_end_1,
          infiniplex_forest_straight_4, infiniplex_forest_clump_diagonal,
          infiniplex_forest_lined_room_2, uniq_terence, uniq_crazy_yiuf_cottage
D:3:      layout_loops_corners, chequers_temple_overflow_minitemple,
          shapermc_ecumenical_altar_hornbeckon, grunt_decor_resistance
D:4:      layout_basic, nicolae_dithmenos_through_a_glass_darkly,
          mainiacjoe_overflow_surrounded_room, uniq_grinder
D:5:      layout_gridville

Skill      XL: |  1  2  3  4  5 |
---------------+----------------+-----
Poison Magic   | 4 5 6 |  6.3
Dodging        | |  1.7
Stealth        | |  1.7
Spellcasting   | |  2.0
Transmutations | |  0.8

Action                   |  1- 3 |  4- 6 || total
-------------------------+-------+-------++-------
Melee: Whip              |     1 |    16 ||    17
 Cast: Sting             |    73 |    64 ||   137
  Use: Scroll            |     3 |     6 ||     9
Armor: Robe              |     5 |    10 ||    15
Dodge: Dodged            |    23 |    24 ||    47

Table legend: (Time is in decaauts)
 A = Elapsed time spent in this place.
 B = Non-inter-level travel time spent in this place.
 C = Inter-level travel time spent in this place.
 D = Time resting spent in this place.
 E = Time spent auto-exploring this place.
 F = Levels seen in this place.
 G = Mean time per level.
                   A        B        C        D        E       F      G
               +--------+--------+--------+--------+--------+-----+--------+
         Total |   3612 |   3444 |    168 |    239 |   2573 |   5 |  722.4 |
       Dungeon |   3612 |   3444 |    168 |    239 |   2573 |   5 |  722.4 |
               +--------+--------+--------+--------+--------+-----+--------+

Top non-repeatable levels by time:
     D:1: 1319 daAuts
     D:3: 1155 daAuts
     D:2: 713 daAuts
     D:4: 376 daAuts
     D:5: 46 daAuts
